 Dungeon Crawl Stone Soup version 0.19.0-19-g8c6edcc (webtiles) character file.

170 KarmaPolice the Charmwright (level 5, 0/36 HPs)
             Began as a High Elf Skald on Nov 14, 2016.
             Slain by a kobold (1 damage)
             ... on level 3 of the Dungeon.
             The game lasted 00:07:33 (2417 turns).

KarmaPolice the Charmwright (High Elf Skald)        Turns: 2417, Time: 00:07:33

Health: 0/36       AC:  4    Str: 11    XL:     5   Next: 26%
Magic:  1/10       EV: 12    Int: 15    God:
Gold:   60         SH:  0    Dex: 16    Spells: 4 memorised, 2 levels left

rFire  . . .     SeeInvis .     a - +0 falchion
rCold  . . .     Gourm    .     b - +0 leather armour
rNeg   . . .     Faith    .     (no shield)
rPois  .         Spirit   .     (no helmet)
rElec  .         Reflect  .     (no cloak)
rCorr  .         Harm     .     s - +0 pair of gloves
MR     .....                    (no boots)
Stlth  +.........               (no amulet)
                                (no ring)
                                (no ring)

@: lethally poisoned (0 -> -5), infused, singing (expiring), very slightly
contaminated
A: no striking features
a: Stop Singing


You were on level 3 of the Dungeon.
You were hungry.

You visited 1 branch of the dungeon, and saw 3 of its levels.

You collected 60 gold pieces.

Inventory:

Hand Weapons
 a - a +0 falchion (weapon)
Missiles
 m - 5 curare-tipped needles
Armour
 b - a +0 leather armour (worn)
 s - a +0 pair of gloves (worn)
Jewellery
 g - a cursed ring of loudness {unknown}
Scrolls
 e - a scroll of enchant weapon {unknown}
 h - 3 scrolls of teleportation {unknown}
 k - 3 scrolls of identify {unknown}
 l - a scroll of remove curse {unknown}
 n - a scroll of fear {unknown}
 r - a scroll of random uselessness {unknown}
Potions
 i - a potion of heal wounds {unknown}
 o - a potion of degeneration {unknown}
 p - 2 potions of ambrosia {unknown}
 q - a potion of berserk rage {unknown}
 u - a potion of might {unknown}
Books
 c - a book of Battle

   Spells                             Type                      Level
   a - Infusion                       Charms                       1
   b - Shroud of Golubria             Charms/Translocation         2
   c - Song of Slaying                Charms                       2
   d - Spectral Weapon                Hexes/Charms                 3
   e - Regeneration                   Charms/Necromancy            3
Comestibles
 d - 2 bread rations
 f - a slice of pizza
 j - a beef jerky


   Skills:
 + Level 3.2 Fighting
 + Level 3.9 Long Blades
 - Level 0.8 Armour
 + Level 2.2 Dodging
 - Level 3.3 Spellcasting
 + Level 4.4 Charms


You had 2 spell levels left.
You knew the following spells:

 Your Spells              Type           Power        Failure   Level  Hunger
a - Infusion              Chrm           ###.         4%          1    None
b - Shroud of Golubria    Chrm/Tloc      #.........   17%         2    ##.....
c - Song of Slaying       Chrm           ###.....     10%         2    ##.....
d - Regeneration          Chrm/Necr      #.........   30%         3    ###....


Dungeon Overview and Level Annotations

Branches:
Dungeon (3/15)

Altars:
Gozag

Annotations:
D:3 Natasha


Message History

* * * LOW HITPOINT WARNING * * *
You hit the orc wizard.
The orc wizard is almost dead.
The kobold closely misses you. The orc wizard barely misses you.
Unknown command.
You completely miss the orc wizard.
The orc wizard is almost dead.
The kobold barely misses you. The orc wizard hits you with a dagger.
* * * LOW HITPOINT WARNING * * *
The kobold hits you.
* * * LOW HITPOINT WARNING * * *
Unknown command.
You hit the orc wizard.
You kill the orc wizard!
Your song is almost over.
The adder bites you.
* * * LOW HITPOINT WARNING * * *
You are lethally poisoned!
The adder poisons you! The kobold hits you.
You die...

##### .#
## #...#
##..# #
#. #.###
##.### .#
#.# #...#
## ##.#
###.#
#.####(.#
#.#
#..#...##
#..
#..)###
##.
#.#.)# #.
# #K@#
#..
#..S##
#..#
##%l.
#.##
##...
#.#.
...[.
#.##
#.....
##.o...
..S... #
#


You could see an adder, a leopard gecko and a kobold.

Vanquished Creatures
  An orc wizard (D:3)
  Jessica (D:3)
  4 adders (D:2)
  2 oozes
  2 worms (D:2)
  A dart slug (D:2)
  A leopard gecko (D:1)
  3 orcs (D:3)
  4 bats
  4 giant cockroaches
  7 goblins
  5 hobgoblins
  A jackal (D:1)
  3 frilled lizards
  5 kobolds
  23 rats
67 creatures vanquished.

Notes
Turn   | Place    | Note
-------+----------+-------------------------------------------
     0 | D:1      | KarmaPolice the High Elf Skald began the quest for the Orb.
     0 | D:1      | Reached XP level 1. HP: 14/14 MP: 4/4
   238 | D:1      | Reached XP level 2. HP: 20/20 MP: 3/6
   383 | D:1      | Learned a level 2 spell: Shroud of Golubria
   386 | D:1      | Learned a level 2 spell: Song of Slaying
   745 | D:1      | Reached XP level 3. HP: 17/25 MP: 8/8
  1047 | D:1      | Learned a level 3 spell: Regeneration
  1273 | D:3      | Noticed Natasha
  1334 | D:2      | Reached skill level 4 in Charms
  1576 | D:2      | Found an opulent altar of Gozag.
  1649 | D:2      | Reached XP level 4. HP: 27/30 MP: 7/9
  2285 | D:3      | Found a faded altar of an unknown god.
  2319 | D:3      | Noticed Jessica
  2328 | D:3      | Killed Jessica
  2328 | D:3      | Reached XP level 5. HP: 36/36 MP: 2/10
  2417 | D:3      | HP: 1/36 [adder (1)]
  2417 | D:3      | Slain by a kobold

Skill      XL: |  1  2  3  4  5 |
---------------+----------------+-----
Long Blades    | 3 |  3.9
Spellcasting   | 3 |  3.3
Charms         | 4 |  4.4
Fighting       | 3 |  3.2
Dodging        | 2 |  2.2
Armour         | |  0.8

Action                   |  1- 3 |  4- 6 || total
-------------------------+-------+-------++-------
Melee: Falchion          |   116 |    60 ||   176
 Cast: Infusion          |     7 |     5 ||    12
       Song of Slaying   |     6 |     6 ||    12
       Shroud of Golubri |     1 |     2 ||     3
 Stab: Sleeping          |     1 |       ||     1
  Eat: Meat ration       |     1 |       ||     1
Armor: Leather armour    |    36 |    18 ||    54
Dodge: Dodged            |    71 |    40 ||   111
       Rpst.: Falchion   |    28 |    15 ||    43
